 Dungeon Crawl Stone Soup version 0.22.1-2-g9c5b331 (webtiles) character file.

511 dvd the Chopper (level 7, 0/44 HPs)
             Began as a Gargoyle Monk on Dec 4, 2018.
             Was a Priest of Qazlal.
             Slain by an ice beast (14 damage)
             ... on level 4 of the Dungeon.
             The game lasted 00:06:35 (2995 turns).

dvd the Chopper (Gargoyle Monk)                     Turns: 2995, Time: 00:06:35

Health: 0/44       AC: 14    Str: 16    XL:     7   Next: 19%
Magic:  6/7        EV:  8    Int: 10    God:    Qazlal [***...]
Gold:   193        SH:  4    Dex: 13    Spells: 6/6 levels left

rFire    . . .     SeeInvis .   a - +0 hand axe
rCold    . . .     Gourm    .   (no shield)
rNeg     + . .     Faith    .   l - +0 chain mail
rPois    ∞         Spirit   .   (no helmet)
rElec    +         Reflect  .   m - +0 cloak
rCorr    .         Harm     .   (no gloves)
MR       .....                  (no boots)
Stlth    ..........             (no amulet)
HPRegen  0.14/turn              (no ring)
MPRegen  0.10/turn              (no ring)

@: no status effects
A: negative energy resistance 1, electricity resistance, unbreathing,
petrification resistance, rot immunity, AC +4
a: Upheaval, Elemental Force, Renounce Religion


You were on level 4 of the Dungeon.
You worshipped Qazlal.
Qazlal was most pleased with you.
You were not hungry.

You visited 1 branch of the dungeon, and saw 4 of its levels.

You collected 193 gold pieces.

Inventory:

Hand Weapons
 a - a +0 hand axe (weapon)
 k - a +2 dagger of venom
Missiles
 h - 3 tomahawks (quivered)
Armour
 b - a +0 robe
 l - a +0 chain mail (worn)
 m - a +0 cloak (worn)
Wands
 n - a wand of scattershot (6)
Scrolls
 g - a scroll of enchant weapon {unknown}
 i - 2 scrolls of teleportation {unknown}
 j - a scroll of fear {unknown}
 o - a scroll of remove curse {unknown}
 p - 2 scrolls of identify {unknown}
Potions
 d - a potion of lignification {unknown}
 e - a potion of degeneration {unknown}
 f - a potion of haste {unknown}
 q - a potion of heal wounds {unknown}
 r - 2 potions of cancellation {unknown}
Comestibles
 c - 7 rations


   Skills:
 + Level 4.7 Fighting
 + Level 5.5 Axes
 + Level 1.4 Throwing
 + Level 2.3 Armour
 + Level 3.0 Dodging
 + Level 2.7 Stealth


You had 6 spell levels left.
You didn't know any spells.
Your spell library was empty.

Dungeon Overview and Level Annotations

Branches:
Dungeon (4/15)
 Temple: D:4-7

Altars:
Qazlal


Innate Abilities, Weirdness & Mutations

You are resistant to torment.
Your stone body is resilient. (AC +4)
You are immune to poison.
You resist negative energy. (rN+)
You are resistant to electric shocks. (rElec)
You can survive without breathing.
You are immune to petrification.
You are immune to rotting.


Message History

The ice beast closely misses you.
You closely miss the ice beast.
The ice beast is heavily wounded.
The ice beast closely misses you.
You closely miss the ice beast.
The ice beast is heavily wounded.
The ice beast hits you. The ice beast freezes you!
You hit the ice beast but do no damage.
The ice beast is heavily wounded.
The ice beast hits you but does no damage.
You barely miss the ice beast.
The ice beast is heavily wounded.
The ice beast hits you but does no damage.
You hit the ice beast but do no damage.
The ice beast is heavily wounded.
The ice beast hits you but does no damage.
You hit the ice beast but do no damage.
The ice beast is heavily wounded.
The ice beast hits you. The ice beast freezes you!
You die...

##..#.# ## ###..#..#
#.. #.##.#..# ### ##.#
#......### .?.
#...##......#.##.#
...#..........!.#
....#..).......#
.......)<(.###Y##
.......÷)(.##@..#
.#.#.........§##...#
...(...[#.....# .....
................ ....#
.(.......#..........#.
................! ....
.(............#.. ....
.....#.........#.
....#.......


You could see an ice beast.

Vanquished Creatures
  Sigmund (D:3)
  Menkaure (D:4)
  Natasha (D:2)
  A worker ant (D:4)
  Robin (D:4)
  3 gnolls (D:3)
  6 adders
  A worm (D:3)
  3 dart slugs
  A leopard gecko (D:3)
  3 orcs
  A ball python (D:4)
  4 bats
  5 giant cockroaches
  20 goblins
  10 hobgoblins
  5 jackals
  6 frilled lizards
  8 kobolds
  8 rats
89 creatures vanquished.

Notes
Turn   | Place    | Note
-------+----------+-------------------------------------------
     0 | D:1      | dvd the Gargoyle Monk began the quest for the Orb.
     0 | D:1      | Reached XP level 1. HP: 14/14 MP: 1/1
   317 | D:1      | Reached XP level 2. HP: 19/19 MP: 2/2
   532 | D:1      | Reached skill level 3 in Axes
   925 | D:2      | Reached XP level 3. HP: 23/23 MP: 3/3
  1385 | D:2      | Found a faded altar of an unknown god.
  1395 | D:2      | Noticed Natasha
  1404 | D:2      | Killed Natasha
  1404 | D:2      | Reached XP level 4. HP: 12/29 MP: 4/4
  1584 | D:2      | Became a worshipper of Qazlal Stormbringer
  1584 | D:2      | Reached * piety under Qazlal
  1584 | D:2      | Reached ** piety under Qazlal
  1756 | D:3      | Reached *** piety under Qazlal
  1819 | D:3      | Reached skill level 1 in Throwing
  1831 | D:3      | Reached XP level 5. HP: 30/33 MP: 5/5
  1885 | D:3      | Noticed Sigmund
  1921 | D:3      | Killed Sigmund
  1921 | D:3      | Reached skill level 4 in Axes
  1921 | D:3      | Reached skill level 1 in Armour
  1921 | D:3      | Reached XP level 6. HP: 19/39 MP: 6/6
  2517 | D:4      | Noticed Robin
  2531 | D:4      | Noticed Menkaure
  2533 | D:4      | Reached skill level 5 in Axes
  2534 | D:4      | Killed Robin
  2683 | D:4      | Noticed an ice beast
  2685 | D:4      | Killed Menkaure
  2685 | D:4      | Reached XP level 7. HP: 6/44 MP: 7/7
  2995 | D:4      | Slain by an ice beast

Skill      XL: |  1  2  3  4  5  6 |
---------------+-------------------+-----
Axes           | 3 4 5 |  5.5
Fighting       | 4 |  4.7
Throwing       | 1 |  1.4
Armour         | 1 2 |  2.3
Dodging        | 3 |  3.0
Stealth        | |  2.7

Action                   |  1- 3 |  4- 6 |  7- 9 || total
-------------------------+-------+-------+-------++-------
Melee: Hand axe          |   111 |   149 |    33 ||   293
       Dagger            |       |    17 |       ||    17
Throw: Tomahawk          |    19 |    11 |       ||    30
Invok: Upheaval          |       |       |     1 ||     1
 Stab: Sleeping          |     3 |       |       ||     3
  Eat: Chunk             |     2 |     3 |       ||     5
       Ration            |       |       |     1 ||     1
Armor: Robe              |    22 |       |       ||    22
       Chain mail        |    38 |   123 |    15 ||   176
Dodge: Dodged            |    62 |    62 |    12 ||   136
Block: Other             |       |    35 |     6 ||    41
